 Dungeon Crawl Stone Soup version 0.27.0-1-g7a089689b8 (webtiles) character file.

Game seed: 871955647829441488

358 MisterFreud the Cudgeller (level 6, -4/37 HPs)
             Began as a Gargoyle Fighter on Aug 1, 2021.
             Slain by an iguana (11 damage)
             ... on level 4 of the Dungeon.
             The game lasted 00:03:36 (3859 turns).

MisterFreud the Cudgeller (Gargoyle Fighter)        Turns: 3859, Time: 00:03:37

Health: -4/37      AC: 12    Str: 22    XL:     6   Next: 64%
Magic:  6/6        EV:  7    Int:  8    God:
Gold:   188        SH:  9    Dex:  9    Spells: 5/5 levels left

rFire    . . .     SeeInvis .   a - +0 flail
rCold    . . .     Faith    .   c - +0 kite shield
rNeg     + . .     Spirit   .   b - +0 scale mail
rPois    ∞         Reflect  .   (no helmet)
rElec    +         Harm     .   k - +0 cloak {Stlth+}
rCorr    .         Rampage  .   (no gloves)
Will     .....                  (no boots)
Stlth    +.........             (no amulet)
HPRegen  0.12/turn              (no ring)
MPRegen  0.10/turn              (no ring)

@: no status effects
A: sickness immunity, AC +4, negative energy resistance 1, electricity
resistance, torment resistance 1, petrification resistance
a: no special abilities


You were on level 4 of the Dungeon.
You visited 1 branch of the dungeon, and saw 4 of its levels.

You collected 188 gold pieces.

Inventory:

Hand Weapons
 a - a +0 flail (weapon)
Missiles
 h - 2 javelins (quivered)
Armour
 b - a +0 scale mail (worn)
 c - a +0 kite shield (worn)
 k - a +0 cloak of stealth (worn)
Jewellery
 g - a ring of fire
Scrolls
 d - a scroll of noise {unknown}
 e - a scroll of holy word {unknown}
 l - a scroll of enchant weapon {unknown}
Potions
 f - a potion of flight
 i - a potion of lignification


   Skills:
 - Level 3.2 Fighting
 + Level 6.9 Maces & Flails
 - Level 3.2 Armour
 - Level 3.2 Shields


You had 5 spell levels left.
You didn't know any spells.
Your spell library contained the following spells:

 Spells                   Type           Power      Damage    Failure   Level
 Ignite Poison            Fire/Tmut/Pois 0%         N/A       100%        3
 Mephitic Cloud           Conj/Pois/Air  0%         N/A       100%        3
 Bolt of Magma            Conj/Fire/Erth 0%         4d4       100%        5


Dungeon Overview and Level Annotations

Branches:
Dungeon (4/15)
 Temple: D:4-7

Altars:
Ru
Vehumet


Innate Abilities, Weirdness & Mutations

You are immune to sickness and miasma.
Your stone body is resilient. (AC +4)
You are immune to poison.
You resist negative energy. (rN+)
You are resistant to electric shocks. (rElec)
You are resistant to unholy torment.
You are immune to petrification.


Message History

You closely miss the adder. You block the adder's attack. x2
You barely miss the adder. You block the adder's attack.
The adder barely misses you.
You sock the adder!
You kill the adder!
You hit the iguana.
The iguana is lightly wounded.
The iguana bites you.
* * * LOW HITPOINT WARNING * * *
You sock the iguana!
You kill the iguana!
You start resting.
HP restored.
You start waiting.
Done waiting.
Found a dagger.
An iguana comes into view.
The iguana hisses angrily.
You see here a scroll labelled JAZOOC ENOPIU.
An iguana is nearby!
A hobgoblin comes into view.
The hobgoblin shouts!
The iguana bites you.
You closely miss the iguana.
The iguana bites you but does no damage.
You closely miss the iguana. The iguana bites you.
The iguana bites you but does no damage.
You barely miss the iguana. The iguana bites you!
You hit the iguana but do no damage.
The hobgoblin hits you but does no damage.
The iguana bites you! You block the hobgoblin's attack.
You block the iguana's attack. The iguana bites you.
You closely miss the iguana.
The iguana bites you but does no damage.
The iguana barely misses you.
You closely miss the iguana. The iguana bites you!
* * * LOW HITPOINT WARNING * * *
You hit the iguana but do no damage. The iguana bites you!
You die...

#.#.#........#.# #.#
............#.# #..
#.(........'. #.#
#..........# ###
#..........# #.
#..........# #. #
#..........####.+.
#.###.............#.
#..@lg....?...### #.
###########.....####
+.....+..#
##.....##..
#......##.#
............#
....##.####### ....
#.. ...) ###


You could see an iguana and a hobgoblin.

Vanquished Creatures
  A scorpion (D:4)
  A centaur skeleton (D:3)
  2 iguanas
  Crazy Yiuf (D:2)
  A bullfrog skeleton (D:3)
  An orc wizard (D:3)
  4 adders
  2 worms (D:2)
  4 dart slugs
  2 orcs (D:3)
  3 ball pythons
  5 bats
  4 endoplasms
  4 giant cockroaches
  4 goblins
  5 hobgoblins
  15 jackals
  2 quokkas (D:1)
  5 frilled lizards
  4 kobolds
  10 rats
80 creatures vanquished.

Vanquished Creatures (others)
  An orc wizard (D:3)
1 creature vanquished.

Grand Total: 81 creatures vanquished

Notes
Turn   | Place    | Note
-------+----------+-------------------------------------------
     0 | D:1      | MisterFreud the Gargoyle Fighter began the quest for the
                  | Orb.
     0 | D:1      | Reached XP level 1. HP: 14/14 MP: 1/1
    69 | D:1      | Reached XP level 2. HP: 9/19 MP: 2/2
   120 | D:1      | Reached skill level 3 in Maces & Flails
   331 | D:1      | Found a faded altar of an unknown god.
   484 | D:1      | Reached XP level 3. HP: 16/23 MP: 3/3
  1224 | D:2      | Reached skill level 4 in Maces & Flails
  1468 | D:2      | Reached XP level 4. HP: 23/28 MP: 4/4
  1925 | D:2      | Found a runed translucent door.
  1926 | D:2      | Noticed Crazy Yiuf
  2117 | D:2      | Killed Crazy Yiuf
  2310 | D:3      | Reached skill level 5 in Maces & Flails
  2319 | D:3      | Reached XP level 5. HP: 30/32 MP: 5/5
  2907 | D:3      | Reached skill level 6 in Maces & Flails
  2907 | D:3      | Reached XP level 6. HP: 37/37 MP: 6/6
  3295 | D:3      | Found a sacrificial altar of Ru.
  3471 | D:4      | Found a radiant altar of Vehumet.
  3859 | D:4      | Slain by an iguana

Illustrated notes

Levels and vault maps discovered:
D:1:      dpeg_arrival_rooms_with_view, layout_rooms,
          hellmonk_ecumenical_altar_lost_god, minmay_door_square, st_stairs_8,
          wander_ebering_terrifying_dragon_lair
D:2:      layout_loops_ring, uniq_crazy_yiuf_cottage
D:3:      layout_basic, mainiacjoe_overflow_alcove_4, grunt_ministairs_13
D:4:      layout_basic, nicolae_vehumet_altar_sigil,
          mainiacjoe_overflow_surrounded_room

Skill      XL: |  1  2  3  4  5 |
---------------+----------------+-----
Maces & Flails | 3 4 5 6 |  6.9
Fighting       | |  3.2
Armour         | |  3.2
Shields        | |  3.2

Action                   |  1- 3 |  4- 6 || total
-------------------------+-------+-------++-------
Melee: Flail             |   139 |   176 ||   315
  Use: Potion            |       |     3 ||     3
       Scroll            |       |     2 ||     2
Armor: Scale mail        |    64 |    99 ||   163
Dodge: Dodged            |    40 |    43 ||    83
Block: Kite shield       |    76 |    69 ||   145
